 Dungeon Crawl Stone Soup version 0.26-a0-639-g72c4674329 (webtiles) character file.

Game seed: 17879161115057363541

3044 DogServant the Thaumaturge (level 9, -5/54 HPs)
             Began as a Deep Elf Conjurer on Sept 15, 2020.
             Was a Follower of Vehumet.
             Slain by a two-headed ogre
             ... wielding a +0 giant spiked club
              (8 damage)
             ... on level 8 of the Dungeon.
             The game lasted 00:28:35 (9314 turns).

DogServant the Thaumaturge (Deep Elf Conjurer)      Turns: 9314, Time: 00:28:35

Health: -5/54      AC:  8    Str:  4    XL:     9   Next: 56%
Magic:  5/24       EV: 14    Int: 33    God:    Vehumet [*.....]
Gold:   323        SH:  0    Dex: 13    Spells: 3/26 levels left

rFire    + . .     SeeInvis .   I - +3 dagger "Pykem" {venom, +Blink rF+}
rCold    . . .     Faith    .   (no shield)
rNeg     . . .     Spirit   .   k - +0 steam dragon scales
rPois    +         Reflect  .   g - +0 hat
rElec    .         Harm     .   (no cloak)
rCorr    .         Rampage  .   c - +2 pair of gloves
MR       .....                  (no boots)
Stlth    ++........             (no amulet)
HPRegen  0.18/turn              r - +6 ring of intelligence
MPRegen  0.19/turn              C - ring of poison resistance

@: hasted, very quick
A: no striking features
a: Renounce Religion, Evoke Blink


You were on level 8 of the Dungeon.
You worshipped Vehumet.
Vehumet was aware of your devotion.
You visited 2 branches of the dungeon, and saw 9 of its levels.
You also visited: Sewer.

You collected 498 gold pieces.
You spent 175 gold pieces at shops.

Inventory:

Hand Weapons
 H - a +3 dagger of freezing
 I - the +3 dagger "Pykem" (weapon) {venom, +Blink rF+}
   (You found it on level 6 of the Dungeon)

   It poisons the flesh of those it strikes.
   It protects you from fire.
   It lets you blink.
Armour
 c - a +2 pair of gloves (worn)
 g - a +0 hat (worn)
 k - +0 steam dragon scales (worn)
Jewellery
 p - a +4 ring of protection
 r - a +6 ring of intelligence (left hand)
 C - a ring of poison resistance (right hand)
 F - a cursed -4 ring of evasion {unknown}
Wands
 a - a wand of enslavement (8)
 e - a wand of paralysis (4)
 q - a wand of iceblast (7)
Scrolls
 b - a scroll of enchant weapon
 d - a scroll of identify
 h - a scroll of magic mapping
 i - a scroll of noise {unknown}
 o - 2 scrolls of remove curse
 D - 6 scrolls of enchant armour
 G - a scroll of fog
Potions
 f - a potion of might
 s - 2 potions of haste
 v - 2 potions of flight
 x - 2 potions of curing
 z - a potion of magic
 E - 3 potions of stabbing


   Skills:
 * Level 5.2 Fighting
 - Level 1.6 Armour
 - Level 5.2 Dodging
 - Level 2.4 Stealth
 + Level 9.0 Spellcasting
 + Level 8.4 Conjurations
 + Level 5.3 Hexes
 + Level 3.9 Evocations


You had 3 spell levels left.
You knew the following spells:

 Your Spells              Type           Power        Failure   Level
a - Magic Dart            Conj           ####         1%          1
b - Searing Ray           Conj           ######       1%          2
c - Dazzling Flash        Conj/Hex       ######       1%          3
d - Fulminant Prism       Conj/Hex       ######....   1%          4
e - Invisibility          Hex            #####...     50%         6
f - Tukima's Dance        Hex            #####...     1%          3
g - Iskenderun's Mystic   Conj/Tloc      #####...     5%          4

Your spell library contained the following spells:

 Spells                   Type           Power        Failure   Level
 Freeze                   Ice            ##..         3%          1
 Confusing Touch          Hex            #####...     1%          3
 Stone Arrow              Conj/Erth      #####.       1%          3
 Apportation              Tloc           ##....       3%          1
 Sandblast                Erth           ##....       3%          1
 Passwall                 Tmut/Erth      ##......     4%          2
 Gell's Gravitas          Tloc           ##........   10%         3
 Lesser Beckoning         Tloc           ##........   10%         3
 Petrify                  Tmut/Erth      ##......     30%         4
 Metabolic Englaciation   Hex/Ice        ####......   30%         5
 Yara's Violent Unravell  Hex/Tmut       ####......   30%         5
 Alistair's Intoxication  Tmut/Pois      ##.......    65%         5
 Lee's Rapid Deconstruct  Erth           ##........   65%         5


Dungeon Overview and Level Annotations

Branches:
Dungeon (8/15)             Temple (1/1) D:6           Sewer (visited)
   Lair: D:8-11

Altars:
Gozag
Qazlal
Uskayaw
Vehumet

Shops:
D:4 [


Message History

Aim: a two-headed ogre, wielding a +0 giant spiked club and a +0 giant club (lightly wounded)
The searing ray hits the two-headed ogre!
The two-headed ogre is moderately wounded. (Press . to maintain the ray.)
The two-headed ogre misses you. x2
The searing ray hits the two-headed ogre!
The two-headed ogre is moderately wounded.
The searing ray hits the orc wizard!
The orc wizard is severely wounded.
The searing ray hits the two-headed ogre.
The two-headed ogre is heavily wounded.
The two-headed ogre hits you with a +0 giant spiked club!!
The two-headed ogre hits you with a +0 giant club!
* * * LOW HITPOINT WARNING * * *
The orc wizard barely misses you.
Okay, then.
Okay, then.
You feel yourself speed up.
The two-headed ogre hits you with a +0 giant spiked club!
You die...

.######
......)#########
#......).......#
#......#)......#
#.....z#Oo.....#
#......#@......#
#.c....#...)...#
#......#....(..#
###O####.......#
.. #......(#
#.......#
#.......#
#.)))...#
#.......#


You could see a two-headed ogre and an orc wizard.

Vanquished Creatures
  Maggie (D:6)
  Prince Ribbit (D:7)
  Menkaure (D:5)
  Duvessa (D:6)
  2 orc warriors
  An ice beast (D:5)
  A phantom (D:7)
  2 ogres (D:6)
  4 centaurs
  The ghost of haldagan the Covert, an amateur KoDe (D:4)
  A big kobold (Sewer)
  Blork the orc (D:5)
  A bullfrog (D:8)
  4 killer bees (D:7)
  Dowan (D:6)
  3 wights (D:8)
  A centaur zombie (D:6)
  A bullfrog zombie (D:6)
  A bullfrog skeleton (D:4)
  A hound (D:5)
  2 jellies
  8 orc wizards
  An iguana (D:6)
  6 worker ants
  3 hound skeletons
  6 adders
  A river rat (Sewer)
  A white imp (D:6)
  2 oozes
  3 worms
  4 dart slugs
  3 leopard geckos
  24 orcs
  5 giant cockroaches
  8 goblins
  5 hobgoblins
  9 jackals
  3 quokkas
  2 ball pythons
  7 bats
  2 frilled lizards
  A giant cockroach zombie (D:5)
  8 kobolds
  12 rats
  10 fulminant prisms
166 creatures vanquished.

Vanquished Creatures (others)
  A sky beast (D:6)
  17 fulminant prisms
  10 plants (D:1)
28 creatures vanquished.

Grand Total: 194 creatures vanquished

Notes
Turn   | Place    | Note
-------+----------+-------------------------------------------
     0 | D:1      | DogServant the Deep Elf Conjurer began the quest for the
                  | Orb.
     0 | D:1      | Reached XP level 1. HP: 10/10 MP: 6/6
   254 | D:1      | Reached XP level 2. HP: 15/15 MP: 8/8
   526 | D:1      | Reached skill level 5 in Conjurations
   611 | D:1      | Reached XP level 3. HP: 19/19 MP: 3/10
   921 | D:1      | Reached skill level 4 in Spellcasting
  1300 | D:2      | Found a stormy altar of Qazlal.
  2293 | D:3      | Reached XP level 4. HP: 24/24 MP: 8/12
  2414 | D:3      | Reached skill level 5 in Spellcasting
  2843 | D:3      | Learned a level 2 spell: Searing Ray
  2847 | D:3      | Learned a level 3 spell: Dazzling Flash
  2896 | D:3      | Found a faded altar of an unknown god.
  3398 | D:4      | Reached XP level 5. HP: 28/28 MP: 8/14
  3446 | D:4      | Found a runed translucent gate.
  3446 | D:4      | Found a runed translucent gate.
  3446 | D:4      | Found a runed translucent gate.
  3450 | D:4      | Noticed haldagan's ghost (amateur KoDe)
  3475 | D:4      | Found a glowing drain.
  3497 | Sewer    | Entered a sewer
  3669 | Sewer    | Reached skill level 6 in Spellcasting
  3669 | Sewer    | Reached XP level 6. HP: 32/32 MP: 9/17
  3796 | Sewer    | Found a white marble altar of Elyvilon.
  4153 | D:4      | Found Siptive's Antique Armour Emporium.
  4182 | D:4      | Bought a jewelled leather armour for 175 gold pieces
  4182 | D:4      | Identified the +3 leather armour "Jyos" {rF+ Regen+} (You
                  | bought it in a shop on level 4 of the Dungeon)
  4336 | D:4      | Found a radiant altar of Vehumet.
  4336 | D:4      | Found a hide-covered altar of Uskayaw.
  4366 | D:4      | Became a worshipper of Vehumet
  4531 | D:4      | Killed haldagan's ghost
  4631 | D:5      | Entered Level 5 of the Dungeon
  4666 | D:5      | Noticed Blork the orc
  4672 | D:5      | Killed Blork the orc
  4672 | D:5      | Reached skill level 1 in Fighting
  4672 | D:5      | Reached XP level 7. HP: 27/38 MP: 11/19
  4680 | D:5      | Learned a level 4 spell: Fulminant Prism
  4796 | D:5      | Noticed Menkaure
  4802 | D:5      | Killed Menkaure
  4802 | D:5      | Reached skill level 1 in Armour
  4802 | D:5      | Reached skill level 7 in Spellcasting
  4802 | D:5      | Reached skill level 1 in Hexes
  5701 | D:6      | Got a fading dagger
  5702 | D:6      | Identified the +3 dagger "Pykem" {venom, +Blink rF+} (You
                  | found it on level 6 of the Dungeon)
  5715 | D:6      | Noticed Duvessa
  5715 | D:6      | Noticed Dowan
  5734 | D:5      | Reached XP level 8. HP: 35/45 MP: 16/21
  6042 | D:6      | Noticed Maggie
  6074 | D:6      | Killed Maggie
  6074 | D:6      | Reached skill level 1 in Evocations
  6231 | D:6      | Found a staircase to the Ecumenical Temple.
  6321 | Temple   | Entered the Ecumenical Temple
  6613 | D:6      | Killed Dowan
  6613 | D:6      | Reached skill level 8 in Spellcasting
  6632 | D:6      | Killed Duvessa
  6943 | D:7      | Found an opulent altar of Gozag.
  7017 | D:7      | Reached skill level 5 in Dodging
  7232 | D:7      | Reached * piety under Vehumet
  7232 | D:7      | Offered knowledge of Freeze by Vehumet.
  7349 | D:7      | Reached XP level 9. HP: 52/52 MP: 14/23
  7675 | D:7      | Noticed Prince Ribbit
  7680 | D:7      | Killed Prince Ribbit
  9097 | D:8      | Reached skill level 5 in Hexes
  9106 | D:8      | Learned a level 6 spell: Invisibility
  9110 | D:8      | Learned a level 3 spell: Tukima's Dance
  9115 | D:8      | Learned a level 4 spell: Iskenderun's Mystic Blast
  9197 | D:8      | Reached skill level 5 in Fighting
  9301 | D:8      | Noticed a two-headed ogre
  9308 | D:8      | Reached skill level 9 in Spellcasting
  9314 | D:8      | Slain by a two-headed ogre

Illustrated notes

Levels and vault maps discovered:
D:1:      wheals_arrival_shading, layout_basic, minivault_4, chequers_big_river,
          st_stairs_8
D:2:      layout_basic, lemuel_round_altar, serial_bayou_lagoon_a
D:3:      layout_loops_ring, chequers_ecumenical_altar_grove
D:4:      layout_cave_pools, gammafunk_temple_overflow_wave,
          gammafunk_ghost_split, portal_sewer_entry_a, serial_shops, shop,
          chequers_serial_rivers_micro_a
D:5:      layout_loops_ring, uniq_blork_the_orc, uniq_menkaure
D:6:      cheibrodos_helix_gallery, layout_cave_pools, temple_hall,
          uniq_duvessa, uniq_maggie
D:7:      layout_layer_cave, nicolae_gozag_cash_rules_everything_around_me,
          uniq_prince_ribbit1
D:8:      layout_gridville
Temple:   dpeg_five_rooms_temple

Skill      XL: |  1  2  3  4  5  6  7  8  9 |
---------------+----------------------------+-----
Conjurations   | 5 6 7 8 |  8.4
Spellcasting   | 4 5 6 7 8 9 |  9.0
Fighting       | 1 2 4 5 |  5.2
Dodging        | 3 5 |  5.2
Armour         | 1 |  1.6
Hexes          | 2 4 5 |  5.3
Evocations     | 2 3 |  3.9
Stealth        | |  2.4

Action                   |  1- 3 |  4- 6 |  7- 9 || total
-------------------------+-------+-------+-------++-------
Melee: Dagger            |    25 |    66 |    29 ||   120
Throw: Boomerang         |       |     3 |       ||     3
 Cast: Magic Dart        |    58 |    67 |    77 ||   202
       Searing Ray       |       |    14 |    30 ||    44
       Fulminant Prism   |       |       |    27 ||    27
Evoke: Wand              |       |       |     1 ||     1
  Use: Scroll            |     6 |     2 |    20 ||    28
       Potion            |       |     2 |     3 ||     5
 Stab: Sleeping          |     2 |     1 |       ||     3
Armor: Robe              |     1 |    40 |     4 ||    45
       Steam dragon scal |       |       |    22 ||    22
Dodge: Dodged            |    19 |    73 |    44 ||   136

Table legend: (Time is in decaauts)
 A = Elapsed time spent in this place.
 B = Non-inter-level travel time spent in this place.
 C = Inter-level travel time spent in this place.
 D = Time resting spent in this place.
 E = Time spent auto-exploring this place.
 F = Levels seen in this place.
 G = Mean time per level.
                   A        B        C        D        E       F      G
               +--------+--------+--------+--------+--------+-----+--------+
         Total |   9362 |   9087 |    275 |   1973 |   5806 |  10 |  936.2 |
       Dungeon |   8970 |   8696 |    274 |   1892 |   5607 |   8 | 1121.2 |
        Temple |      1 |      0 |      1 |      0 |      0 |   1 |    1.0 |
         Sewer |    390 |    390 |      0 |     81 |    198 |   1 |  390.0 |
               +--------+--------+--------+--------+--------+-----+--------+

Top non-repeatable levels by time:
     D:7: 2118 daAuts
     D:3: 1477 daAuts
     D:6: 1273 daAuts
     D:1: 1086 daAuts
     D:5: 1033 daAuts
     D:4: 909 daAuts
     D:2: 816 daAuts
   Sewer: 390 daAuts
     D:8: 254 daAuts
  Temple: 1 daAuts
